 Dungeon Sprint DCSS version 0.30.1-11-g7821555f0a (webtiles) character file.

Game seed: 12277196042626083561

88969 Heoruswealwe the Minotaur Porcupine (level 15, -2/252 HPs)
             Began as a Minotaur Fighter on Jan 8, 2024.
             Was an Initiate of Gozag.
             Slain by an ancient lich (12 damage)
             ... in the Dungeon (Sprint IX: "|||||||||||||||||||||||||||||").
             The game lasted 00:41:38 (3417 turns).

Heoruswealwe the Minotaur Porcupine (MiFi)          Turns: 3417, Time: 00:41:38

Health: -2/252     AC: 34    Str: 35    XL:     15   Next: 48%
Magic:  14/14      EV: 13    Int:  5    God:    Gozag
Gold:   4017       SH: 13    Dex: 11    Spells: 14/14 levels left

rFire   + . .        a - +8 demon trident (venom)
rCold   + + .        d - +0 kite shield
rNeg    . . .        c - +1 plate armour {rC+}
rPois   +            (helmet restricted)
rElec   +            h - +1 cloak
rCorr   +            f - +1 pair of gloves
SInv    .            e - +0 pair of boots
Will    +....        i - amulet "Lamme" {Regen+ Str+3} Stlth
                     k - +3 ring of strength
HPRegen 1.42/turn    j - ring "Tait" {AC+4 Dex+2 Slay+6}
MPRegen 0.14/turn

%: no teleportation
@: mighty, berserking (expiring), resistant, marked, hasted, very quick
A: horns 2, retaliatory headbutt
a: Renounce Religion, Potion Petition, Call Merchant, Bribe Branch


You were in the Dungeon.
You worshipped Gozag.
Gozag was most pleased with you.
You visited 1 branch You collected 17495 gold pieces.
You spent 7737 gold pieces at shops.
You paid 5741 gold pieces to Gozag.

Inventory:

Hand Weapons
 a - a +8 demon trident of venom (weapon)
 b - a +2 halberd of venom
 m - the +7 great mace "Undeadhunter" {deathbane, rN+}
   (You found it in the Dungeon)

   rN:        It protects you from negative energy.
Armour
 c - a +1 plate armour of cold resistance (worn)
 d - a +0 kite shield (worn)
 e - a +0 pair of boots (worn)
 f - a +1 pair of gloves (worn)
 h - a +1 cloak (worn)
 l - the crystal ball of Wucad Mu {*channel}
   (You bought it in a shop in the Dungeon)

   *Channel:  It often returns the magic spent to cast spells, but lowers their
   success rate.
   It always returns the magic spent on miscasts.
Jewellery
 i - the amulet "Lamme" (around neck) {Regen+ Str+3}
   (You bought it in a shop in the Dungeon)

   [amulet of regeneration]

   Str:       It affects your strength (+3).
   Regen:     It increases your rate of health regeneration.
 j - the ring "Tait" (right hand) {AC+4 Dex+2 Slay+6}
   (You found it in the Dungeon)

   [ring of protection]

   AC:        It affects your AC (+4).
   Dex:       It affects your dexterity (+2).
   Slay:      It affects your accuracy & damage with ranged weapons and melee
   (+6).
 k - a +3 ring of strength (left hand)
Wands
 r - a wand of acid (10)
 x - a wand of mindburst (5)
Scrolls
 n - 4 scrolls of blinking
 s - 3 scrolls of enchant armour
 t - 3 scrolls of identify
Potions
 g - 2 potions of haste
 o - 2 potions of mutation
 u - a potion of berserk rage
 w - 7 potions of curing
 A - a potion of heal wounds
Miscellaneous
 v - a phial of floods
 y - a box of beasts


   Skills:
 + Level 24.5 Fighting
 O Level 27 Polearms
 + Level 24.5 Armour
 + Level 13.5 Dodging
 + Level 15.1 Shields
 + Level 11.5 Evocations


You had 14 spell levels left.
You didn't know any spells.
Your spell library was empty.

Dungeon Overview and Level Annotations

Branches:
Dungeon (1/1)

Altars:
Cheibriados
Dithmenos
Elyvilon
Fedhas
Gozag
Hepliaklqana
Kikubaaqudgha
Makhleb
Nemelex Xobeh
Okawaru
Qazlal
Ru
Sif Muna
Trog
Uskayaw
Vehumet
Wu Jian
Xom
Yredelemnul
Zin
The Shining One
Jiyva
Lugonu

Shops:
D (*[*=(!*((

Annotations:
D Ereshkigal


Innate Abilities, Weirdness & Mutations

You have a pair of horns on your head.
You reflexively headbutt those who attack you in melee.


Message History

Ereshkigal hits you.
* * * LOW HITPOINT WARNING * * *
Ereshkigal hits you but does no damage.
The ironbound convoker points at the royal mummy and mumbles some strange words.
The royal mummy seems to grow stronger.
Ereshkigal hits you but does no damage.
Ereshkigal gestures.
Ereshkigal hits you but does no damage.
The royal mummy mumbles some strange words.
The Tzitzimitl engulfs you but does no damage.
The Tzitzimitl bites you but does no damage.
Ereshkigal gestures at you.
You struggle to resist.
Ereshkigal gestures.
The Tzitzimitl engulfs you.
* * * LOW HITPOINT WARNING * * *
The Tzitzimitl bites you but does no damage.
You can move again.
You hit Ereshkigal. Your headbutt misses Ereshkigal.
Ereshkigal is moderately wounded.
You puncture Ereshkigal! Your headbutt misses Ereshkigal.
Ereshkigal is moderately wounded.
Ereshkigal hits you!!
* * * LOW HITPOINT WARNING * * *
You hit Ereshkigal but do no damage.
Ereshkigal is moderately wounded.
The Tzitzimitl calls on the powers of darkness!
Your body is wracked with pain!
* * * LOW HITPOINT WARNING * * *
The red draconian convulses!
The merfolk impaler convulses!
The ironbound convoker convulses! x2
You spit something like a pig!!! You headbutt something!!
The royal mummy casts a spell.
You puncture something!
Ereshkigal gestures.
The Tzitzimitl engulfs you but does no damage.
The Tzitzimitl bites you.
* * * LOW HITPOINT WARNING * * *
You hit something. Something touches you!
You die...
Your body crumbles into a pile of gold.

▓▓▓▓▓▓▓▓▓▓▓▓▓▓▓▓▓▓▓▓▓▓▓▓▓
.Mppmd&$@1......)'...).(.
▓▓▓▓▓▓▓▓▓▓▓▓▓▓▓▓▓▓▓▓▓▓▓▓▓▓▓▓▓▓▓▓▓
)................................
▓▓▓▓▓▓▓▓▓▓▓▓▓▓▓▓▓▓▓▓▓▓▓▓▓▓▓▓▓▓▓▓▓
....∩.'.........'........)).)....
▓▓▓▓▓▓▓▓▓▓▓▓▓▓▓▓▓▓▓▓▓▓▓▓▓▓▓▓▓▓▓▓▓
.................................
▓▓▓▓▓▓▓▓▓▓▓▓▓▓▓▓▓▓▓▓▓▓▓▓▓▓▓▓▓▓▓▓▓
.∩.'.........).)..)'.......?!.[[.


You could see Ereshkigal (very poisoned), a royal mummy (strong), a Tzitzimitl
(summoned), a red draconian, a merfolk impaler (strong) and 2 ironbound
convokers.

Vanquished Creatures
  2 liches (D)
  A frost giant (D)
  A fire giant (D)
  A very ugly thing (D)
  Aizul (D)
  A spriggan defender (D)
  5 stone giants (D)
  A vampire knight (D)
  3 eleionomae (D)
  Nessos (D)
  A spark wasp (D)
  A yaktaur captain (D)
  2 great orbs of eyes (D)
  An ettin (D)
  2 fire dragons (D)
  3 rakshasas (D)
  An ice dragon (D)
  4 hydras (D)
  A ghost crab (D)
  5 ironbound frosthearts (D)
  4 ogre magi (D)
  An anaconda (D)
  2 centaur warriors (D)
  2 radroaches (D)
  A tengu warrior (D)
  2 deep troll shamans (D)
  4 death yaks (D)
  2 boulder beetles (D)
  A naga sharpshooter (D)
  Urug (D)
  A vampire mage (D)
  A shock serpent (D)
  An iron troll (D)
  A glowing orange brain (D)
  2 sea snakes (D)
  A spriggan druid (D)
  5 deep trolls (D)
  3 swamp dragons (D)
  A wizard (D)
  2 lindwurms (D)
  A harpy (D)
  A steelbarb worm (D)
  5 orc knights (D)
  2 ugly things (D)
  A mana viper (D)
  An ironbound convoker (D)
  A deep elf pyromancer (D)
  2 manticores (D)
  A moth of wrath (shapeshifter) (D)
  A cyclops (D)
  2 naga magi (D)
  2 water nymphs (D)
  2 vault sentinels (D)
  2 black mambas (D)
  A guardian serpent (D)
  A torpor snail (D)
  3 cane toads (D)
  Psyche (D)
  2 rime drakes (D)
  A komodo dragon (D)
  3 trolls (D)
  A polar bear (D)
  2 merfolk (D)
  A queen bee (shapeshifter) (D)
  A snapping turtle (D)
  A culicivora (shapeshifter) (D)
  3 slime creatures (D)
  2 shadows (D)
  A wyvern (D)
  5 yaks (D)
  A basilisk (D)
  3 redbacks (D)
  A vampire mosquito (D)
  A naga (D)
  3 water moccasins (D)
  A floating eye (D)
  8 orc warriors (D)
  A wolf (D)
  A phantom (D)
  A kobold brigand (D)
  4 bullfrogs (D)
  A wight (D)
  A howler monkey (D)
  4 orc priests (D)
  An orc wizard (D)
  An adder (D)
  A white imp (D)
  9 orcs (D)
  A goblin (D)
  A jackal (D)
  A quokka (D)
  2 kobolds (D)
  A rat (D)
178 creatures vanquished.

Notes
Turn   | Place    | Note
-------+----------+-------------------------------------------
     0 | D        | Heoruswealwe the Minotaur Fighter began the quest for the
                  | Orb.
     0 | D        | Reached XP level 1. HP: 19/19 MP: 0/0
     8 | D        | Reached skill level 3 in Polearms
    25 | D        | Noticed a phantom
    29 | D        | Killed a phantom
    30 | D        | Reached skill level 7 in Polearms
    30 | D        | Reached XP level 2. HP: 28/30 MP: 1/1
    30 | D        | Reached XP level 3. HP: 35/37 MP: 2/2
    30 | D        | Reached XP level 4. HP: 42/44 MP: 3/3
    47 | D        | Found a snail-covered altar of Cheibriados.
    47 | D        | Found a shadowy altar of Dithmenos.
    47 | D        | Found a white marble altar of Elyvilon.
    47 | D        | Found a blossoming altar of Fedhas.
    47 | D        | Found an opulent altar of Gozag.
    48 | D        | Found a hazy altar of Hepliaklqana.
    49 | D        | Found a viscous altar of Jiyva.
    50 | D        | Found an ancient bone altar of Kikubaaqudgha.
    51 | D        | Found a corrupted altar of Lugonu.
    52 | D        | Found a burning altar of Makhleb.
    53 | D        | Found a sparkling altar of Nemelex Xobeh.
    54 | D        | Found an iron altar of Okawaru.
    55 | D        | Became a worshipper of Gozag Ym Sagoz the Greedy
    56 | D        | Found a stormy altar of Qazlal.
    57 | D        | Found a sacrificial altar of Ru.
    58 | D        | Found a shimmering blue altar of Sif Muna.
    59 | D        | Found a bloodstained altar of Trog.
    60 | D        | Found a hide-covered altar of Uskayaw.
    61 | D        | Found a radiant altar of Vehumet.
    62 | D        | Found an ornate altar of the Wu Jian Council.
    63 | D        | Found a shimmering altar of Xom.
    64 | D        | Found a basalt altar of Yredelemnul.
    65 | D        | Found a glowing silver altar of Zin.
    66 | D        | Found a glowing golden altar of the Shining One.
   129 | D        | Noticed a shadow
   129 | D        | Noticed a yak
   129 | D        | Noticed a wyvern
   129 | D        | Noticed a kobold brigand
   134 | D        | Killed a kobold brigand
   135 | D        | Reached skill level 9 in Polearms
   135 | D        | Reached XP level 5. HP: 51/52 MP: 4/4
   138 | D        | Reached skill level 10 in Polearms
   144 | D        | Killed a wyvern
   145 | D        | Reached skill level 11 in Polearms
   145 | D        | Reached XP level 6. HP: 32/63 MP: 5/5
   147 | D        | Killed a yak
   148 | D        | Reached skill level 12 in Polearms
   151 | D        | Reached XP level 7. HP: 38/71 MP: 6/6
   159 | D        | Killed a shadow
   160 | D        | Reached skill level 10 in Fighting
   160 | D        | Reached skill level 13 in Polearms
   160 | D        | Reached skill level 10 in Armour
   310 | D        | Noticed a shadow
   310 | D        | Noticed a meliai
   310 | D        | Noticed a manticore
   310 | D        | Noticed a tengu warrior
   310 | D        | Noticed a slime creature
   310 | D        | Noticed a vampire mosquito
   313 | D        | Killed a vampire mosquito
   314 | D        | Reached skill level 14 in Polearms
   318 | D        | Killed a slime creature
   338 | D        | a meliai changed into a black mamba
   338 | D        | Noticed a black mamba (shapeshifter)
   338 | D        | Killed a tengu warrior
   339 | D        | Reached skill level 16 in Polearms
   339 | D        | Reached XP level 8. HP: 46/83 MP: 7/7
   450 | D        | Noticed a queen bee
   454 | D        | Killed a manticore
   457 | D        | Killed a queen bee
   458 | D        | Reached skill level 17 in Polearms
   458 | D        | Reached XP level 9. HP: 71/92 MP: 8/8
   630 | D        | Got the ring "Tait" {AC+4 Dex+2 Slay+6}
   660 | D        | Noticed a polar bear
   660 | D        | Noticed a rime drake
   660 | D        | Noticed a cane toad
   660 | D        | Noticed a black mamba
   665 | D        | Killed a black mamba
   666 | D        | Reached skill level 18 in Polearms
   671 | D        | Killed a cane toad
   673 | D        | Killed a rime drake
   680 | D        | Killed a polar bear
   681 | D        | Reached skill level 19 in Polearms
   702 | D        | Noticed a cane toad
   702 | D        | Noticed a rime drake
   702 | D        | Noticed a cane toad
   702 | D        | Noticed a five-headed hydra
   703 | D        | Noticed a five-headed hydra
   708 | D        | Killed a ten-headed hydra
   709 | D        | Reached XP level 10. HP: 102/104 MP: 9/9
   710 | D        | Killed a cane toad
   711 | D        | Reached skill level 20 in Polearms
   719 | D        | Killed an eight-headed hydra
   720 | D        | Reached skill level 15 in Fighting
   720 | D        | Reached skill level 15 in Armour
   868 | D        | Killed a cane toad
   879 | D        | Reached skill level 21 in Polearms
   890 | D        | Noticed a death yak
   890 | D        | Noticed a death yak
   890 | D        | Noticed a death yak
   895 | D        | Killed a death yak
   898 | D        | Killed a death yak
   899 | D        | Noticed a death yak
   906 | D        | Killed a death yak
   907 | D        | Reached skill level 22 in Polearms
   907 | D        | Reached XP level 11. HP: 83/115 MP: 10/10
   922 | D        | Killed a death yak
  1263 | D        | Noticed an orc knight
  1263 | D        | Noticed an orc knight
  1277 | D        | Killed an orc knight
  1288 | D        | Noticed an orc knight
  1291 | D        | Killed an orc knight
  1292 | D        | Reached skill level 23 in Polearms
  1307 | D        | Noticed an orc knight
  1311 | D        | Killed an orc knight
  1336 | D        | Killed an orc knight
  1493 | D        | Found Keetreof's Antique Weapon Boutique.
  1493 | D        | Noticed an ogre mage
  1493 | D        | Noticed an ogre mage
  1493 | D        | Noticed a deep troll
  1493 | D        | Noticed an ogre mage
  1493 | D        | Noticed a deep troll
  1496 | D        | Killed an ogre mage
  1501 | D        | Killed a deep troll
  1502 | D        | Reached skill level 24 in Polearms
  1513 | D        | Paralysed by something for 5 turns
  1522 | D        | Paralysed by something for 2 turns
  1527 | D        | Killed an ogre mage
  1534 | D        | Killed an ogre mage
  1537 | D        | Killed a deep troll
  1775 | D        | Found Wistrif's Weapon Shop.
  1779 | D        | Found Emeesoun's Assorted Antiques.
  1781 | D        | Noticed a deep troll
  1782 | D        | Found Luddokh's Distillery.
  1795 | D        | Killed a deep troll
  1796 | D        | Reached XP level 12. HP: 109/128 MP: 11/11
  1806 | D        | Noticed an ogre mage
  1824 | D        | Reached skill level 25 in Polearms
  1842 | D        | Paralysed by something for 4 turns
  1849 | D        | Killed an ogre mage
  1933 | D        | Bought a potion of curing for 78 gold pieces
  1933 | D        | Bought a dented jade amulet for 130 gold pieces
  1933 | D        | Bought a scroll of identify for 52 gold pieces
  1933 | D        | Bought a scroll labelled RIJUEG KUGOBAJ for 26 gold pieces
  1933 | D        | Bought a scroll labelled QADESA HETRUHU for 26 gold pieces
  1933 | D        | Bought 2 potions of berserk rage for 260 gold pieces
  1933 | D        | Bought a scroll labelled UVURCH KUMISU for 26 gold pieces
  1933 | D        | Bought a pair of boots for 117 gold pieces
  1935 | D        | Bought a potion of lignification for 33 gold pieces
  1935 | D        | Bought a potion of brilliance for 44 gold pieces
  1935 | D        | Bought a potion of curing for 33 gold pieces
  1935 | D        | Bought a potion of heal wounds for 55 gold pieces
  1935 | D        | Bought a potion of heal wounds for 55 gold pieces
  1970 | D        | Bought the amulet "Lamme" {Regen+ Str+3} for 649 gold
                  | pieces
  1987 | D        | Bought the crystal ball of Wucad Mu {*channel} for 2700
                  | gold pieces
  1987 | D        | Found the crystal ball of Wucad Mu {*channel}
  1987 | D        | Bought a pair of embroidered boots for 202 gold pieces
  2029 | D        | Bought a runed demon trident for 504 gold pieces
  2029 | D        | Bought a glowing broad axe for 196 gold pieces
  2164 | D        | Found the +7 great mace "Undeadhunter" {deathbane, rN+}
  2301 | D        | Noticed a rakshasa
  2301 | D        | Noticed a six-headed hydra
  2308 | D        | Killed a six-headed hydra
  2314 | D        | Killed a rakshasa
  2315 | D        | Reached skill level 26 in Polearms
  2324 | D        | Noticed a fire dragon
  2324 | D        | Paralysed by a floating eye for 3 turns
  2324 | D        | Noticed a deep troll shaman
  2325 | D        | Noticed a fire giant
  2331 | D        | Noticed a deep troll shaman
  2338 | D        | Killed a fire dragon
  2340 | D        | Killed a deep troll shaman
  2344 | D        | Killed a fire giant
  2352 | D        | Reached skill level 27 in Polearms
  2353 | D        | Killed a deep troll shaman
  2420 | D        | Bought a phial of floods for 480 gold pieces
  2420 | D        | Bought a scroll of identify for 24 gold pieces
  2420 | D        | Bought a scroll of enchant armour for 90 gold pieces
  2420 | D        | Bought a potion of attraction for 36 gold pieces
  2509 | D        | Noticed an eleionoma
  2509 | D        | Noticed an eleionoma
  2509 | D        | Noticed a ghost crab
  2509 | D        | Noticed a six-headed hydra
  2512 | D        | Killed an eleionoma
  2519 | D        | Killed an eleionoma
  2520 | D        | Reached skill level 1 in Dodging
  2520 | D        | Reached skill level 1 in Evocations
  2520 | D        | Killed a ghost crab
  2520 | D        | Noticed an eleionoma
  2533 | D        | Reached skill level 5 in Shields
  2533 | D        | Reached XP level 13. HP: 139/141 MP: 12/12
  2544 | D        | Killed an eleionoma
  2586 | D        | Reached skill level 5 in Dodging
  2616 | D        | Reached skill level 5 in Evocations
  2752 | D        | Reached skill level 10 in Shields
  2778 | D        | Bought a fluorescent wand for 104 gold pieces
  2778 | D        | Bought a box of beasts for 1040 gold pieces
  2778 | D        | Bought a potion of berserk rage for 130 gold pieces
  2778 | D        | Bought a clear potion for 23 gold pieces
  2778 | D        | Bought 2 potions of haste for 520 gold pieces
  2778 | D        | Bought a scroll of identify for 52 gold pieces
  2778 | D        | Bought a scroll of identify for 52 gold pieces
  2781 | D        | Reached XP level 14. HP: 155/155 MP: 13/13
  2794 | D        | Noticed Nessos
  2805 | D        | Killed Nessos
  2868 | D        | Noticed Psyche
  2872 | D        | Killed Psyche
  2889 | D        | Noticed Aizul
  2902 | D        | Killed Aizul
  2985 | D        | Noticed Urug
  2994 | D        | Killed Urug
  3029 | D        | Noticed a cyan very ugly thing
  3029 | D        | Noticed a stone giant
  3029 | D        | Noticed a stone giant
  3029 | D        | Noticed a lich
  3029 | D        | Noticed a stone giant
  3033 | D        | Killed a stone giant
  3038 | D        | Killed a lich
  3047 | D        | Killed a stone giant
  3048 | D        | Reached skill level 10 in Dodging
  3051 | D        | Killed a stone giant
  3055 | D        | Killed a cyan very ugly thing
  3058 | D        | Noticed a stone giant
  3068 | D        | Noticed a lich
  3076 | D        | Killed a stone giant
  3077 | D        | Reached XP level 15. HP: 85/163 MP: 14/14
  3090 | D        | Killed a lich
  3142 | D        | Noticed a frost giant
  3149 | D        | Killed a frost giant
  3150 | D        | Reached skill level 10 in Evocations
  3382 | D        | Reached skill level 15 in Shields
  3393 | D        | Noticed Ereshkigal
  3394 | D        | Noticed an ancient lich
  3398 | D        | Noticed a royal mummy
  3406 | D        | Paralysed by Ereshkigal for 5 turns
  3410 | D        | Noticed a Tzitzimitl
  3416 | D        | HP: 10/252 [Tzitzimitl[Ereshkigal] (5)]
  3417 | D        | Slain by an ancient lich

Illustrated notes

Levels and vault maps discovered:
D:        linesprint [early_d, line_temple, items_1, d_10, items_2, lair_1,
          lair_end, items_3, orc_1, orc_end, items_4, d_15, swamp_1, shoals_1,
          snake_1, spider_1, d_20, vaults_1, items_5, swamp_end, shoals_end,
          snake_end, spider_end, vaults_end, d_27, items_6, zot_1, zot_end,
          crypt_end, forest_end, elf_end, slime_end, tomb_end, abyss_end,
          pan_hell_end]

Skill      XL: |  1  2  3  4  5  6  7  8  9 10 11 12 13 14 15 |
---------------+----------------------------------------------+-----
Polearms       | 7 9 11 12 16 17 19 22 24 27 | 27.0
Fighting       | 6 7 9 12 14 16 18 20 22 23 24 | 24.5
Armour         | 6 7 9 12 14 16 18 20 22 23 24 | 24.5
Dodging        | 2 8 10 13 | 13.5
Shields        | 5 10 12 15 | 15.1
Evocations     | 2 7 9 11 | 11.5

Action                     |  1- 3 |  4- 6 |  7- 9 | 10-12 | 13-15 || total
---------------------------+-------+-------+-------+-------+-------++-------
  Melee: Trident           |    13 |    11 |       |       |       ||    24
         Headbutt          |     2 |     3 |    11 |    59 |    69 ||   144
         Halberd           |       |    20 |    68 |   170 |       ||   258
         Demon trident     |       |       |       |    65 |   291 ||   356
 Invoke: Call Merchant     |       |       |       |     5 |     1 ||     6
    Use: Potion            |       |       |     4 |     6 |     8 ||    18
         Scroll            |       |       |       |     8 |     1 ||     9
   Stab: Distracted        |       |       |       |     2 |     2 ||     4
 Armour: Scale mail        |     3 |     2 |       |       |       ||     5
         Chain mail        |       |     5 |    29 |    22 |       ||    56
         Plate armour      |       |       |       |    78 |    89 ||   167
  Dodge: Dodged            |     2 |    11 |    22 |    56 |    50 ||   141
  Block: Buckler           |     1 |       |       |       |       ||     1
         Kite shield       |       |       |       |     9 |    76 ||    85
